 Dungeon Crawl Stone Soup version 0.27-a0-1416-g941b2bd30b (webtiles) character file.

Game seed: 3943692427073886052

680140 pyrow613 the Conqueror (level 27, -13/409 HPs)
             Began as a Minotaur Berserker on June 28, 2021.
             Was the Champion of Trog.
             Killed by divine providence
             ... invoked by a royal mummy
              (14 damage)
             ... on level 3 of the Tomb of the Ancients on July 1, 2021.
             The game lasted 04:27:31 (71852 turns).

pyrow613 the Conqueror (Minotaur Berserker)        Turns: 71852, Time: 04:27:33

Health: -13/409    AC: 37    Str: 48    XL:     27
Magic:  33/33      EV: 21    Int:  9    God:    Trog [******]
Gold:   10399      SH: 21    Dex: 15    Spells: 26/26 levels left

rFire    + + .     SeeInvis .   a - +9 broad axe "Giunican" {speed, rN+}
rCold    + + .     Faith    .   u - +2 shield of Resistance {rF++ rC++ Will++}
rNeg     + . .     Spirit   .   B - +8 chain mail of the Louse {Slay+2 Stlth+}
rPois    +         Reflect  .   c - +2 hat
rElec    .         Harm     .   O - +1 cloak "Leaki" {Str+7}
rCorr    +         Rampage  .   p - +3 pair of gauntlets of War {Slay+5}
Will     +++++                  y - +1 pair of boots
Stlth    ..........             C - amulet "Soong" {Regen+ Dex+3}
HPRegen  2.78/turn              F - ring "Wifyu" {rCorr Str+6 Int+3 Dex+4}
MPRegen  0.23/turn              i - ring "Nutit" {Fly rPois Will+ Str+4 Dex-2}

@: berserking, lethally poisoned (-13 -> -13), silenced (expiring), flying, very
slightly contaminated, slowed, studying 3 skills
A: horns 2, retaliatory headbutt, claws 1, strong-willed 1, regeneration 1,
screaming 2, weak 1, wild magic 1
}: 4/15 runes: barnacled, slimy, silver, gossamer
a: Renounce Religion


You were on level 3 of the Tomb of the Ancients.
You worshipped Trog.
Trog was exalted by your worship.
You visited 11 branches of the dungeon, and saw 55 of its levels.
You visited the Abyss 2 times.
You also visited: Ice Cave, Volcano and Desolation.

You collected 12915 gold pieces.
You spent 2516 gold pieces at shops.

Inventory:

Hand Weapons
 a - the +9 broad axe "Giunican" (weapon) {speed, rN+}
   (You bought it in a shop on level 14 of the Dungeon)

   Attacks with this weapon are significantly faster.
   rN:        It protects you from negative energy.
 b - the +8 autumn katana {vorpal, Clar}
   (You found it on level 5 of the Vaults)

   It inflicts extra damage upon your enemies.
   Clar:      It protects you against confusion.
 s - the +8 trident of the Octopus King {venom, rElec rPois Will+}
   (You found it on level 3 of the Elven Halls)

   It poisons the flesh of those it strikes.
   rElec:     It insulates you from electricity.
   rPois:     It protects you from poison.
   Will:      It increases your willpower.
 t - the +11 hunting sling of Kuxeut {speed, rC+ Will- Int-2 Dex+8}
   (You found it on level 3 of the Crypt)

   Attacks with this weapon are significantly faster.
   Int:       It affects your intelligence (-2).
   Dex:       It affects your dexterity (+8).
   rC:        It protects you from cold.
   Will:      It decreases your willpower.
Missiles
 m - 8 throwing nets
 L - 10 silver javelins
 P - 7 silver boomerangs
 W - 65 javelins (quivered)
 Y - 5 datura-tipped darts
Armour
 c - a +2 hat (worn)
 p - the +3 pair of gauntlets of War (worn) {Slay+5}
   (You found it on level 2 of the Depths)

   Slay:      It affects your accuracy & damage with ranged weapons and melee
   (+5).
 u - the +2 shield of Resistance (worn) {rF++ rC++ Will++}
   (You found it in the Desolation of Salt)

   rF:        It greatly protects you from fire.
   rC:        It greatly protects you from cold.
   Will:      It greatly increases your willpower.
 y - a +1 pair of boots (worn)
 B - the +8 chain mail of the Louse (worn) {Slay+2 Stlth+}
   (You found it on level 5 of the Vaults)

   Slay:      It affects your accuracy & damage with ranged weapons and melee
   (+2).
   Stlth:     It makes you more stealthy.
 O - the +1 cloak "Leaki" (worn) {Str+7}
   (You found it on level 5 of the Lair of Beasts)

   Str:       It affects your strength (+7).
Jewellery
 i - the ring "Nutit" (right hand) {Fly rPois Will+ Str+4 Dex-2}
   (You acquired it on level 10 of the Dungeon)

   [ring of flight]

   Str:       It affects your strength (+4).
   Dex:       It affects your dexterity (-2).
   rPois:     It protects you from poison.
   Fly:       It grants you flight.
   Will:      It increases your willpower.
 C - the amulet "Soong" (around neck) {Regen+ Dex+3}
   (You found it on level 3 of the Crypt)

   [amulet of regeneration]

   Dex:       It affects your dexterity (+3).
   Regen:     It increases your rate of health regeneration.
 F - the ring "Wifyu" (left hand) {rCorr Str+6 Int+3 Dex+4}
   (You took it off a vault sentinel on level 5 of the Vaults)

   [ring of strength]

   Str:       It affects your strength (+6).
   Int:       It affects your intelligence (+3).
   Dex:       It affects your dexterity (+4).
   rCorr:     It protects you from acid and corrosion.
Wands
 e - a wand of digging (11)
 l - a wand of iceblast (62)
 q - a wand of paralysis (50)
 v - a wand of charming (8)
 M - a wand of acid (57)
Scrolls
 d - 6 scrolls of blinking
 f - 18 scrolls of teleportation
 j - 2 scrolls of magic mapping
 w - 3 scrolls of enchant weapon
 E - a scroll of silence
 G - 7 scrolls of fog
 K - 6 scrolls of enchant armour
 N - 4 scrolls of identify
 T - 3 scrolls of fear
 V - 2 scrolls of summoning
Potions
 g - 19 potions of curing
 h - 7 potions of berserk rage
 n - 5 potions of haste
 o - a potion of magic
 r - 7 potions of flight
 x - 13 potions of heal wounds
 z - 5 potions of might
 A - 2 potions of ambrosia
 H - 2 potions of invisibility
 I - 4 potions of cancellation
 J - a potion of mutation
 R - 2 potions of resistance
Miscellaneous
 k - a condenser vane (inert)
 U - a phial of floods (inert)


   Skills:
 O Level 27 Fighting
 - Level 10.5 Long Blades
 + Level 26.6 Axes
 - Level 16.0 Throwing
 + Level 22.4 Armour
 + Level 20.5 Dodging
 + Level 12.8 Stealth
 + Level 20.3 Shields
 + Level 15.0 Invocations


You had 26 spell levels left.
You didn't know any spells.
Your spell library was empty.

Dungeon Overview and Level Annotations

Branches:
Dungeon (15/15)            Temple (0/1) D:7            Lair (6/6) D:11
 Shoals (4/4) Lair:2       Spider (4/4) Lair:2        Slime (5/5) Lair:5
    Orc (2/2) D:9             Elf (3/3) Orc:2        Vaults (5/5) D:13
  Crypt (3/3) Vaults:2       Tomb (3/3) Crypt:3      Depths (5/5) D:15
    Zot (0/5) Depths:5      IceCv (visited)         Volcano (visited)
Desolation (visited)

Altars:
Dithmenos
Fedhas
Kikubaaqudgha
Nemelex Xobeh
Okawaru
Qazlal
Trog
Vehumet
Xom
Yredelemnul
Zin
Beogh

Shops:
D:3 [   D:14 !*:   Orc:2 [*[(*   Elf:1 :   Elf:2 (   Vaults:1 [   Vaults:3 [
Vaults:4 (   Depths:1 *   Depths:3 :

Portals:
Hell: Depths:1 Depths:2 Depths:3 Depths:4 Depths:5
Abyss: Depths:4 Depths:5
Pandemonium: Depths:3 Depths:4
Ziggurat: Depths:5

Annotations:
Spider:4 exclusion: 3 doors


Innate Abilities, Weirdness & Mutations

You have a pair of horns on your head.
You reflexively headbutt those who attack you in melee.
You have sharp fingernails.
You are strong-willed. (Will+)
Your natural rate of healing is unusually fast.
You frequently scream uncontrollably at your foes.
You are weak. (Str -2)
Your spells are a little harder to cast, but a little more powerful.


Message History

The death scarab disappears in a puff of smoke! x3
You hit the royal mummy.
You feel extremely nervous for a moment...
You feel horribly lethargic.
You feel as though you will be slow longer.
* * * LOW HITPOINT WARNING * * *
You feel sick. You block the royal mummy's attack.
You hit the guardian mummy.
The guardian mummy is lightly damaged.
You slash the emperor scorpion! You slash the royal mummy!
* * * LOW HITPOINT WARNING * * *
You feel sick.
Unknown command.
You chop the guardian mummy into pieces!!!
You feel the power of Trog in you as your rage grows.
You destroy the guardian mummy!
Trog accepts your kill.
You barely miss the emperor scorpion. You slice the royal mummy!!
You feel extremely nervous for a moment...
You feel a surge of unholy energy.
* * * LOW HITPOINT WARNING * * *
You feel sick.
The royal mummy hits you but does no damage.
You barely miss the royal mummy. You headbutt the royal mummy!!
The royal mummy is heavily damaged.
You slash the guardian mummy! You slice the emperor scorpion!!
* * * LOW HITPOINT WARNING * * *
You feel sick.
The emperor scorpion completely misses you.
You furiously retaliate!
You headbutt the emperor scorpion, but do no damage.
The emperor scorpion misses you.
You block the emperor scorpion's attack.
You slash the royal mummy!
The royal mummy is severely damaged.
You slash the emperor scorpion! You barely miss the guardian mummy.
You feel sick. You block the guardian mummy's attack.
The royal mummy casts a spell at you. Something smites you!
You die...

###....
##...." #.....
##.... #.°..
#...# #...#
#Ms.# #@M§#
#...# #...#
#..M## #....##
##...M########
#......../..^
##...........
###......MM.


You could see a royal mummy, an emperor scorpion (summoned) and 3 guardian
mummies.

Vanquished Creatures
  the Royal Jelly (Slime:5)
  2 ancient liches
  Mara (Spider:3)
  8 royal mummies
  A curse toe (Crypt:3)
  Saint Roka (Elf:3)
  Xtahua (Depths:4)
  Nikola (Vaults:1)
  3 golden dragons
  The ghost of Vailuoroe the Devastator, a veteran GrEE of Lugonu (Crypt:2)
  Arachne (Spider:4)
  A bone dragon (Crypt:3)
  A Brimstone Fiend (Depths:4)
  8 tentacled monstrosities
  An Ice Fiend (Depths:4)
  Jorgrun (Shoals:2)
  7 liches
  4 deep elf blademasters (Elf:3)
  3 titans
  A quicksilver dragon (Vaults:4)
  A kraken (Shoals:1)
  12 sphinxes
  Asterion (Spider:2)
  3 deep elf master archers (Elf:3)
  Gastronok (D:9)
  Polyphemus (Shoals:2)
  19 acid blobs
  5 tengu reavers
  10 ancient champions
  5 shadow dragons
  3 storm dragons
  Roxanne (Shoals:3)
  A fenstrider witch (Shoals:3)
  10 azure jellies
  11 fire giants
  7 revenants
  10 rockslimes
  16 frost giants
  4 ghost moths
  2 imperial myrmidons (Desolation)
  2 iron dragons (Vaults:5)
  Aizul (Shoals:2)
  A curse skull (Crypt:3)
  2 orc warlords
  A draconian scorcher (Depths:5)
  Louise (Spider:2)
  4 ghouls
  6 emperor scorpions
  13 vault wardens
  7 deep elf sorcerers
  2 balrugs
  2 draconian annihilators (Depths:5)
  5 deep elf elementalists (Elf:3)
  16 very ugly things
  3 war gargoyles (Vaults:5)
  17 ironbound preservers
  19 stone giants
  A spriggan defender (Depths:3)
  11 quicksilver oozes
  A reaper (Crypt:3)
  10 bennus
  A green draconian (Depths:5)
  10 vampire knights
  Azrael (Elf:1)
  2 deep elf demonologists
  7 entropy weavers
  A yellow draconian (Depths:5)
  An entropy weaver (shapeshifter) (Vaults:4)
  The ghost of Piwky the Grappler, a journeyman TrMo (Lair:4)
  4 deep elf annihilators
  A halazid warlock (Desolation)
  2 red draconians (Depths:5)
  The ghost of Kyvig the Grappler, a journeyman VSTm of Qazlal (Lair:5)
  3 spark wasps (Depths:3)
  Snorg (Lair:4)
  16 ettins
  2 purple draconians (Depths:5)
  5 eidola
  7 fire dragons
  5 blizzard demons (Depths:4)
  9 deep elf death magi
  The ghost of Ejaov the Thaumaturge, a journeyman GnWr of Kikubaaqudgha (D:13)
  8 merfolk javelineers
  18 mummy priests
  2 quicksilver dragon zombies
  9 ragged hierophants (Desolation)
  19 jiangshi
  20 yaktaur captains
  3 merfolk impalers
  3 crystal guardians (Desolation)
  10 great orbs of eyes
  3 deep elf high priests
  13 servants of whispers (Desolation)
  12 hydras
  10 peacekeepers
  A rakshasa (Depths:3)
  8 ironbound thunderhulks
  Fannar (Orc:1)
  4 death knights
  33 vault guards
  9 boulder beetles
  4 merfolk avatars
  Harold (D:7)
  7 ogre magi
  3 spriggan air magi
  A juggernaut simulacrum (Depths:2)
  15 ice dragons
  Erica (D:8)
  11 ironbound frosthearts
  6 catoblepae
  4 merfolk aquamancers
  4 centaur warriors
  23 dancing weapons
  33 death yaks
  A satyr (Shoals:4)
  48 death scarabs (Tomb:2)
  2 two-headed ogres (shapeshifter)
  21 two-headed ogres
  8 deep troll shamans
  12 vampire magi
  2 deep troll earth magi
  6 tengu warriors
  An orc high priest (Elf:3)
  2 hell knights
  2 storm dragon zombies
  4 ironbound beastmasters
  3 spriggans
  10 deep elf knights
  A sun demon (Depths:2)
  3 soul eaters
  Nergalle (Lair:2)
  9 iron trolls
  5 shadow wraiths
  A titan skeleton (Crypt:3)
  A fire crab (shapeshifter) (Depths:3)
  A ghost moth zombie (Crypt:2)
  30 skeletal warriors
  A glowing orange brain (Depths:5)
  3 golden dragon zombies
  8 flayed ghosts
  A deep troll (shapeshifter) (Vaults:4)
  An anaconda zombie (Crypt:2)
  71 deep trolls
  11 sea snakes
  7 orc knights
  7 bog bodies
  2 golden dragon skeletons
  2 obsidian statues
  9 phantasmal warriors
  8 lindwurms
  21 wizards
  9 deep elf archers
  16 ironbound convokers
  An anaconda skeleton (Crypt:2)
  A wolf spider (shapeshifter) (Depths:5)
  An iron dragon zombie (Tomb:1)
  5 shining eyes
  25 deep elf pyromancers
  23 wolf spiders
  A fire giant zombie (Crypt:3)
  4 fauns
  14 necromancers
  42 ugly things
  An oklob plant (Lair:1)
  8 wolf spider zombies (Spider:1)
  25 harpies
  Pikel (D:7)
  17 deep elf zephyrmancers
  A stone giant zombie (Crypt:3)
  16 orb spiders
  14 manticores
  2 frost giant zombies
  3 orc sorcerers (Orc:1)
  A goliath frog skeleton (Crypt:2)
  4 iron dragon skeletons
  2 fire giant skeletons
  5 cyclopes
  7 merfolk sirens
  8 black mambas
  3 eyes of devastation
  Joseph (D:7)
  2 smoke demons
  5 moths of wrath
  6 water nymphs
  4 ice statues
  A rust devil (Depths:4)
  11 elephants
  A frost giant skeleton (Crypt:3)
  2 molten gargoyles (Desolation)
  9 vault sentinels
  3 guardian serpents (Desolation)
  An elf skeleton (D:15)
  2 purple draconian zombies (Crypt:3)
  4 torpor snails
  11 cane toads
  A gargoyle (D:12)
  3 hellions (Depths:4)
  31 yaktaurs
  9 rime drakes
  14 demonic crawlers
  A kobold demonologist (D:11)
  A minotaur zombie (Crypt:2)
  2 unseen horrors (D:11)
  An elephant slug zombie (Crypt:2)
  12 freezing wraiths
  10 redback zombies (Spider:1)
  8 tengu conjurers
  2 red devils (Volcano)
  4 komodo dragons
  A hydra zombie (Tomb:1)
  25 merfolk
  An efreet (D:13)
  A catoblepas skeleton (Crypt:1)
  22 guardian mummies
  7 trolls
  2 polar bears
  A queen bee (Lair:5)
  A tengu simulacrum (Depths:2)
  A troll (shapeshifter) (Depths:2)
  26 jumping spiders
  A harpy zombie (Crypt:1)
  9 wind drakes
  A meliai (Lair:5)
  A shadow dragon simulacrum (Depths:3)
  69 saltlings (Desolation)
  10 hornets
  9 tarantella zombies (Spider:1)
  Grinder (D:3)
  13 snapping turtles
  18 dream sheep
  105 slime creatures
  An ettin zombie (Crypt:2)
  A fire giant simulacrum (Crypt:1)
  3 ice dragon zombies
  19 blink frogs
  A dream sheep (shapeshifter) (Vaults:4)
  A stone giant simulacrum (Crypt:2)
  6 vampires
  2 centaur simulacra
  An air elemental (Elf:1)
  33 flying skulls
  Sigmund (D:2)
  2 ettin skeletons
  87 redbacks
  7 shadows
  42 tarantellas
  A wind drake zombie (Crypt:1)
  5 ushabtiu
  4 fire bats (Volcano)
  13 wraiths
  4 wyverns
  12 water elementals
  59 yaks
  8 fire elementals
  6 basilisks
  2 humans (D:13)
  2 steam dragons
  A monstrous demonspawn zombie (Crypt:3)
  8 vampire mosquitoes
  A human zombie (D:15)
  4 wargs
  An acid dragon (D:7)
  11 water moccasins
  4 hell hounds (Elf:1)
  2 floating eyes
  16 orc warriors
  2 sky beasts
  A black bear (D:6)
  18 ice beasts
  4 necrophages
  32 ogres
  A dream sheep zombie (Crypt:3)
  12 wolves
  8 boggarts (Vaults:2)
  A centaur (shapeshifter) (D:14)
  11 centaurs
  2 manticore skeletons
  A lemure (D:7)
  A phantom (D:6)
  A snapping turtle skeleton (Crypt:2)
  4 elf zombies (Elf:1)
  7 bullfrogs
  2 kobold brigands
  5 gnoll sergeants
  2 earth elementals (Elf:1)
  4 scorpions
  A water moccasin zombie (Crypt:1)
  A wyvern skeleton (D:7)
  6 killer bees (Lair:5)
  2 water moccasin skeletons
  6 howler monkeys
  A spriggan skeleton (Crypt:2)
  5 wights (D:6)
  4 electric eels
  2 crimson imps (Depths:4)
  8 lava snakes
  5 centaur zombies
  2 hounds
  13 orc priests
  A centaur skeleton (Crypt:2)
  Jessica (D:2)
  An iguana (D:3)
  Natasha (thrice) (D:3)
  2 human skeletons
  26 orc wizards
  A felid skeleton (Crypt:1)
  A tengu skeleton (Crypt:2)
  2 hound skeletons (D:4)
  38 mummies
  Robin (D:3)
  21 gnolls
  A howler monkey skeleton (D:2)
  A steam dragon zombie (Crypt:1)
  6 adders
  3 white imps
  2 ufetubi
  An iguana zombie (Crypt:1)
  An adder skeleton (Crypt:2)
  A worm (D:2)
  A dart slug (D:2)
  73 orcs
  An orc (shapeshifter) (Depths:2)
  6 bats
  An endoplasm (D:2)
  2 giant cockroaches
  10 goblins
  13 hobgoblins
  3 jackals (D:3)
  6 quokkas
  3 training dummies (Elf:2)
  4 ball pythons
  2 frilled lizards (D:1)
  A frilled lizard zombie (Crypt:2)
  12 kobolds
  A kobold simulacrum (Crypt:2)
  2 orc skeletons
  A rat (D:2)
  2 tentacles (Shoals:1)
2553 creatures vanquished.

Vanquished Creatures (collateral kills)
  A deep elf master archer (Elf:3)
  A deep elf annihilator (Elf:3)
  An orb spider (Spider:2)
  A guardian mummy (Tomb:2)
  A tarantella (Spider:2)
  A water elemental (Elf:3)
  An orc warrior (Elf:3)
  2 mummies (Tomb:2)
9 creatures vanquished.

Vanquished Creatures (others)
  A war gargoyle (Vaults:5)
  An ettin (Depths:5)
  A shadow wraith (Crypt:3)
  An unseen horror (D:12)
  A tarantella (Spider:4)
  2 orcs (D:4)
  2 goblins (D:4)
  A hobgoblin (D:4)
  A kobold (D:4)
  14 fungi
  70 plants
  6 tentacles (Shoals:1)
  A withered plant (D:15)
102 creatures vanquished.

Grand Total: 2664 creatures vanquished

Notes
Turn   | Place    | Note
-------+----------+-------------------------------------------
     0 | D:1      | pyrow613 the Minotaur Berserker began the quest for the
                  | Orb.
     0 | D:1      | Reached XP level 1. HP: 19/19 MP: 0/0
    95 | D:1      | Found a faded altar of an unknown god.
    95 | D:1      | Noticed an eye of devastation
   100 | D:1      | Noticed a floating eye
   104 | D:1      | Noticed a shining eye
   104 | D:1      | Noticed an eye of devastation
   122 | D:1      | Reached skill level 4 in Fighting
   125 | D:1      | Reached XP level 2. HP: 27/27 MP: 1/1
   551 | D:2      | Reached ** piety under Trog
   555 | D:2      | Reached XP level 3. HP: 25/34 MP: 2/2
   708 | D:2      | Noticed Sigmund
   717 | D:2      | Killed Sigmund
   718 | D:2      | Reached skill level 5 in Fighting
   718 | D:2      | Reached skill level 5 in Long Blades
   718 | D:2      | Reached XP level 4. HP: 42/42 MP: 3/3
   718 | D:2      | Reached XP level 5. HP: 48/48 MP: 4/4
   842 | D:2      | Noticed Jessica
   848 | D:2      | Killed Jessica
  1642 | D:3      | Noticed Robin
  1673 | D:3      | Killed Robin
  1674 | D:3      | Reached XP level 6. HP: 6/56 MP: 5/5
  2056 | D:3      | Found Wof Lozoos's Antique Armour Shoppe.
  2062 | D:3      | Bought an ichor-stained robe for 136 gold pieces
  2062 | D:3      | Identified the +2 robe of Ashenzari's Grace {rElec rF- rC++
                  | rCorr} (You bought it in a shop on level 3 of the Dungeon)
  2108 | D:3      | Noticed Natasha
  2112 | D:3      | Killed Natasha
  2153 | D:3      | Reached *** piety under Trog
  2194 | D:3      | Noticed Grinder
  2208 | D:3      | Killed Grinder
  2209 | D:3      | Reached skill level 6 in Fighting
  2311 | D:3      | Noticed Natasha
  2318 | D:3      | Reached XP level 7. HP: 45/63 MP: 6/6
  2323 | D:3      | Killed Natasha
  2408 | D:3      | Noticed Natasha
  2427 | D:3      | Killed Natasha
  3458 | D:4      | Found a shimmering altar of Xom.
  3688 | D:5      | Entered Level 5 of the Dungeon
  3882 | D:5      | Reached skill level 7 in Fighting
  3979 | D:5      | Reached skill level 5 in Armour
  4096 | D:5      | Reached XP level 8. HP: 73/73 MP: 7/7
  4271 | D:6      | Reached skill level 5 in Dodging
  4414 | D:6      | Reached skill level 8 in Fighting
  4877 | D:6      | Reached XP level 9. HP: 50/82 MP: 8/8
  4880 | D:6      | Reached skill level 9 in Fighting
  5446 | D:7      | Noticed Pikel
  5467 | D:7      | Killed Pikel
  5468 | D:7      | Reached **** piety under Trog
  5545 | D:7      | Reached skill level 10 in Fighting
  5552 | D:7      | Reached skill level 10 in Long Blades
  5599 | D:7      | Noticed Joseph
  5609 | D:7      | Killed Joseph
  5842 | D:7      | Reached XP level 10. HP: 94/94 MP: 9/9
  5909 | D:7      | Found a staircase to the Ecumenical Temple.
  5912 | D:7      | Noticed Harold
  5926 | D:7      | Killed Harold
  5927 | D:7      | Reached skill level 11 in Fighting
  6138 | D:7      | Reached skill level 1 in Axes
  6317 | D:7      | Reached skill level 5 in Axes
  6519 | D:7      | Found the +5 robe of Night {Dark Will+ SInv}
  7004 | D:8      | Found a blossoming altar of Fedhas.
  7095 | D:8      | Found a stormy altar of Qazlal.
  7101 | D:8      | Found a sparkling altar of Nemelex Xobeh.
  7101 | D:8      | Found a bloodstained altar of Trog.
  7198 | D:8      | Noticed Erica
  7205 | D:8      | Killed Erica
  7205 | D:8      | Reached ***** piety under Trog
  7206 | D:8      | Reached XP level 11. HP: 95/103 MP: 10/10
  8394 | D:9      | Reached skill level 10 in Axes
  8498 | D:9      | Noticed a two-headed ogre
  8503 | D:9      | Killed a two-headed ogre
  8681 | D:9      | Noticed a two-headed ogre
  8687 | D:9      | Killed a two-headed ogre
  8748 | D:9      | Found a staircase to the Orcish Mines.
  8862 | D:9      | Noticed Gastronok
  8873 | D:9      | Killed Gastronok
  9242 | D:10     | Entered Level 10 of the Dungeon
  9823 | D:10     | Found an iron altar of Okawaru.
  9965 | D:10     | Identified a scroll of acquirement
  9965 | D:10     | Acquired the ring "Nutit" {Fly rPois Will+ Str+4 Dex-2}
 10091 | D:10     | Found a basalt altar of Yredelemnul.
 10106 | D:10     | Noticed a two-headed ogre
 10110 | D:10     | Killed a two-headed ogre
 10677 | D:11     | Found a staircase to the Lair.
 10777 | D:11     | Identified the +6 scale mail "Jeyphahe" {rElec rCorr}
 11519 | D:11     | Reached XP level 12. HP: 110/112 MP: 11/11
 11734 | Lair:1   | Entered Level 1 of the Lair of Beasts
 11766 | Lair:1   | Reached skill level 12 in Fighting
 13134 | Lair:2   | Reached skill level 15 in Axes
 13275 | Lair:2   | Found a frozen archway.
 13282 | IceCv    | Entered an ice cave
 13641 | IceCv    | Noticed an ice dragon
 13641 | IceCv    | Noticed an ice dragon
 13656 | IceCv    | Killed an ice dragon
 13667 | IceCv    | Killed an ice dragon
 13667 | IceCv    | Received a gift from Trog
 14481 | D:3      | Bought a pair of glowing gloves for 180 gold pieces
 14641 | Orc:1    | Entered Level 1 of the Orcish Mines
 14657 | Orc:1    | Noticed Fannar
 14664 | Orc:1    | Killed Fannar
 14679 | Orc:1    | Reached XP level 13. HP: 90/119 MP: 12/12
 15081 | Orc:1    | Reached skill level 13 in Fighting
 15555 | Orc:2    | Entered Level 2 of the Orcish Mines
 15786 | Orc:2    | Found Uzier's Antique Armour Shoppe.
 15830 | Orc:2    | Received a gift from Trog
 16318 | Orc:2    | Reached skill level 14 in Fighting
 16420 | Orc:2    | Bought a distressingly furry scale mail for 279 gold pieces
 16420 | Orc:2    | Identified the +4 scale mail "Gopipilo" {rElec rN+} (You
                  | bought it in a shop on level 2 of the Orcish Mines)
 16420 | Orc:2    | Bought a shimmering scale mail for 279 gold pieces
 16420 | Orc:2    | Identified the +1 scale mail "Eloige" {Str+4} (You bought
                  | it in a shop on level 2 of the Orcish Mines)
 16680 | Orc:2    | Found a staircase to the Elven Halls.
 16690 | Orc:2    | Found Nunutaff's General Store.
 16691 | Orc:2    | Found Daiss's Antique Armour Shop.
 16691 | Orc:2    | Found Kieq's General Store.
 16691 | Orc:2    | Found Oxkunn's Weapon Shop.
 16698 | Orc:2    | Bought a masterwork chain mail for 304 gold pieces
 16698 | Orc:2    | Identified the +1 chain mail of the Loofah {rC+ Dex+4
                  | Stlth+} (You bought it in a shop on level 2 of the Orcish
                  | Mines)
 16988 | Orc:2    | Paralysed by an ogre mage for 3 turns
 17870 | Elf:1    | Entered Level 1 of the Elven Halls
 17988 | Elf:1    | Reached ****** piety under Trog
 17989 | Elf:1    | Reached XP level 14. HP: 129/133 MP: 13/13
 18364 | Elf:1    | Received a gift from Trog
 18782 | Elf:1    | Found a radiant altar of Vehumet.
 18804 | Elf:1    | Noticed Azrael
 19159 | Elf:1    | Killed Azrael
 19258 | Elf:1    | Found Epna's Book Shoppe.
 19317 | Elf:1    | Reached skill level 15 in Fighting
 19862 | D:12     | Acquired 1072 gold pieces
 19986 | D:12     | Cast into level 3 of the Abyss (a wizard)
 20089 | D:12     | Escaped the Abyss
 20424 | D:12     | Upgraded the game from 0.27-a0-1359-ga2a4dfd6fd to
                  | 0.27-a0-1384-g1422d76b99
 20470 | D:12     | Acquired a manual of Dodging
 21937 | D:13     | Found a gate to the Vaults.
 22470 | D:13     | Received a gift from Trog
 22471 | D:13     | Reached XP level 15. HP: 126/143 MP: 14/14
 22809 | D:13     | Reached XP level 16. HP: 150/150 MP: 15/15
 23070 | D:13     | Found a runed translucent gate.
 23071 | D:13     | Found a runed translucent gate.
 23071 | D:13     | Found a runed translucent gate.
 23071 | D:13     | Noticed Ejaov's ghost (journeyman GnWr)
 23078 | D:13     | Reached skill level 10 in Armour
 23238 | D:13     | Killed Ejaov's ghost
 23239 | D:13     | Reached skill level 10 in Dodging
 23252 | D:13     | Identified the ring "Caexi" {Wiz rPois Will++ SInv}
 23602 | D:14     | Found Muhiv's Assorted Antiques.
 23623 | D:14     | Bought a glimmering broad axe for 216 gold pieces
 23623 | D:14     | Identified the +9 broad axe "Giunican" {speed, rN+} (You
                  | bought it in a shop on level 14 of the Dungeon)
 23623 | D:14     | Bought a faintly humming chain mail for 228 gold pieces
 23623 | D:14     | Identified the +6 chain mail "Alucwump" {Str+5 Int-4} (You
                  | bought it in a shop on level 14 of the Dungeon)
 23623 | D:14     | Bought a pair of masterwork gloves for 228 gold pieces
 23623 | D:14     | Identified the +2 pair of gloves "Lona" {-Cast Rampage
                  | Dex+3} (You bought it in a shop on level 14 of the Dungeon)
 23623 | D:14     | Bought a scroll of enchant armour for 180 gold pieces
 23623 | D:14     | Bought a pair of boots for 108 gold pieces
 23687 | D:14     | Found Asuomig's Book Emporium.
 23726 | D:14     | Found a basalt altar of Yredelemnul.
 23844 | D:14     | Found Vuschec's Distillery.
 23852 | D:14     | Bought a potion of haste for 180 gold pieces
 23852 | D:14     | Bought a potion of heal wounds for 90 gold pieces
 24164 | D:15     | Entered Level 15 of the Dungeon
 24183 | D:14     | Reached skill level 16 in Fighting
 24714 | D:15     | Found the +3 salamander hide armour {Flames rF++ rC--}
 24825 | D:15     | Acquired a manual of Throwing
 24844 | D:15     | Found a staircase to the Depths.
 25567 | Lair:2   | Received a gift from Trog
 25599 | Lair:2   | Found a hole to the Spider Nest.
 25789 | Lair:2   | Noticed Nergalle
 25797 | Lair:2   | Killed Nergalle
 25945 | Lair:2   | Found a staircase to the Shoals.
 26557 | Lair:2   | Identified the +11 quarterstaff "Qiow" {drain, rF- rC+
                  | Str+5 Dex+4}
 26604 | Shoals:1 | Entered Level 1 of the Shoals
 27694 | Lair:3   | Identified the +6 war axe of Honour {vamp, +Blink rElec
                  | Will++}
 28124 | Lair:4   | Found a runed translucent door.
 28284 | Lair:4   | Reached XP level 17. HP: 149/160 MP: 16/16
 28285 | Lair:4   | Received a gift from Trog
 28407 | Lair:4   | Noticed Snorg
 28421 | Lair:4   | Killed Snorg
 28515 | Lair:4   | Noticed Piwky's ghost (journeyman TrMo)
 28549 | Lair:4   | Killed Piwky's ghost
 29530 | Lair:5   | Reached skill level 17 in Fighting
 29590 | Lair:5   | Noticed Kyvig's ghost (journeyman VSTm)
 29596 | Lair:5   | Found a transporter.
 29600 | Lair:5   | Found a transporter.
 29684 | Lair:5   | Killed Kyvig's ghost
 29693 | Lair:5   | Identified the +8 whip of Integrity {flame, *Corrode rPois
                  | Str+3}
 29819 | Lair:5   | Identified the +1 cloak "Leaki" {Str+7}
 30118 | Lair:5   | Found a staircase to the Slime Pits.
 30267 | Lair:6   | Entered Level 6 of the Lair of Beasts
 30404 | Lair:6   | Received a gift from Trog
 30470 | Lair:6   | Found a dark tunnel.
 30479 | Volcano  | Entered a volcano
 30583 | Volcano  | Found a radiant altar of Vehumet.
 31657 | Lair:6   | Reached skill level 18 in Fighting
 32681 | Elf:1    | Received a gift from Trog
 33167 | Elf:2    | Found a ruined gateway.
 33171 | Elf:2    | Identified the +2 ring mail "Goit Jay" {Will+}
 33176 | Desolati | Entered the Desolation of Salt
 33275 | Desolati | Reached XP level 18. HP: 134/173 MP: 17/17
 33433 | Desolati | Reached skill level 15 in Dodging
 33862 | Desolati | Received a gift from Trog
 33871 | Desolati | Reached skill level 19 in Fighting
 33929 | Desolati | Found the +2 shield of Resistance {rF++ rC++ Will++}
 33998 | Desolati | Reached skill level 1 in Shields
 34073 | Desolati | HP: 6/176 [crystal guardian/crystal bolt (44)]
 34452 | Desolati | Identified the +1 fire dragon scales of Cunocwaq {rElec
                  | rF++ rC- MP+9 Int+8}
 34763 | Desolati | Reached skill level 5 in Shields
 35015 | Desolati | Identified the amulet "Waulon" {Spirit rC++ rN+ Str-2}
 35119 | Desolati | Found the +6 Majin-Bo {vamp, MP+6 Int+6}
 35459 | Elf:2    | Found Pempelowk's Firing Range.
 35469 | Elf:2    | Bought 6 javelins for 76 gold pieces
 35469 | Elf:2    | Bought 5 datura-tipped darts for 32 gold pieces
 35526 | Elf:2    | Found a huge runed translucent gate.
 35526 | Elf:2    | Found a huge runed translucent gate.
 35526 | Elf:2    | Found a huge runed translucent gate.
 35526 | Elf:2    | Found a huge runed translucent gate.
 35528 | Elf:2    | Found a huge runed translucent gate.
 35693 | Elf:2    | Received a gift from Trog
 36126 | Elf:2    | Cast into level 2 of the Abyss (+2 glaive of distortion)
 36126 | Abyss:2  | Found a corrupted altar of Lugonu.
 36171 | Elf:2    | Escaped the Abyss
 36301 | Elf:2    | Reached skill level 10 in Shields
 36418 | Elf:3    | Entered Level 3 of the Elven Halls
 36509 | Elf:3    | Noticed Saint Roka
 36537 | Elf:3    | Killed Saint Roka
 36538 | Elf:3    | Reached XP level 19. HP: 184/184 MP: 14/18
 36541 | Elf:3    | Received a gift from Trog
 36542 | Elf:3    | Reached skill level 20 in Fighting
 38137 | Elf:3    | Found the +8 Wrath of Trog {antimagic, *Rage}
 38140 | Elf:3    | Identified the +10 demon blade "Goblin's Undoing" {flame,
                  | Drain Fly rPois Will++}
 38198 | Elf:3    | Identified the +10 hand axe of Xom's Approval {freeze,
                  | Str+6 Stlth+}
 38230 | Elf:3    | Found the +8 trident of the Octopus King {venom, rElec
                  | rPois Will+}
 38933 | Shoals:1 | Reached skill level 1 in Invocations
 39074 | Shoals:1 | Received a gift from Trog
 39285 | Shoals:1 | Identified the +5 hunting sling "Pendulum" {flame, Dex+6
                  | Stlth+}
 39713 | Shoals:2 | Noticed Aizul
 39713 | Shoals:2 | Noticed Polyphemus
 39733 | Shoals:2 | Killed Polyphemus
 39737 | Shoals:2 | Killed Aizul
 39929 | Shoals:2 | Noticed Jorgrun
 39938 | Shoals:2 | Killed Jorgrun
 40182 | Shoals:2 | Reached skill level 5 in Invocations
 40539 | Shoals:3 | Noticed Roxanne
 40548 | Shoals:3 | Killed Roxanne
 40843 | Shoals:3 | Identified the +8 mace of Ubuk {flame, *Slow +Rage rCorr
                  | Stlth+}
 40993 | Shoals:3 | Reached skill level 21 in Fighting
 41421 | Shoals:4 | Entered Level 4 of the Shoals
 41534 | Shoals:4 | Reached XP level 20. HP: 183/198 MP: 23/23
 41542 | Shoals:4 | Reached skill level 15 in Shields
 41893 | Shoals:4 | Identified the +8 war axe of Hatred {vorpal, rElec rPois
                  | Dex-5} (Trog gifted it to you on level 4 of the Shoals)
 41893 | Shoals:4 | Received a gift from Trog
 41932 | Shoals:4 | Got a barnacled rune of Zot
 42675 | Shoals:4 | Reached skill level 10 in Invocations
 42961 | Spider:1 | Entered Level 1 of the Spider Nest
 42966 | Spider:1 | Reached skill level 1 in Throwing
 42971 | Spider:1 | Received a gift from Trog
 43164 | Spider:2 | Reached skill level 22 in Fighting
 43192 | Spider:2 | Noticed Asterion
 43208 | Spider:2 | Killed Asterion
 43254 | Spider:2 | Identified the +1 leather armour of the Fiend {Str+5
                  | Slay+2}
 43374 | Spider:2 | Reached skill level 5 in Throwing
 43649 | Spider:2 | Noticed Louise
 43673 | Spider:2 | Killed Louise
 43814 | Spider:2 | Acquired 1248 gold pieces
 43981 | Spider:1 | Received a gift from Trog
 44603 | Spider:1 | Identified the +3 hand axe of Sunlight {vorpal, rElec rPois
                  | Will+++ Stlth-}
 44831 | Spider:3 | Noticed Mara
 44875 | Spider:3 | Noticed pyrow613's illusion
 44876 | Spider:3 | Killed Mara
 44896 | Spider:3 | Reached skill level 23 in Fighting
 45349 | Spider:3 | Reached XP level 21. HP: 211/211 MP: 27/27
 45467 | Spider:4 | Entered Level 4 of the Spider Nest
 45480 | Spider:4 | Received a gift from Trog
 46074 | Spider:4 | Noticed Arachne
 46113 | Spider:4 | Killed Arachne
 46114 | Spider:4 | Reached skill level 10 in Throwing
 46184 | Spider:4 | Got a gossamer rune of Zot
 46230 | Spider:4 | Received a gift from Trog
 46777 | Slime:1  | Entered Level 1 of the Pits of Slime
 46791 | Slime:1  | Reached skill level 24 in Fighting
 47611 | Slime:2  | Gained mutation: You are occasionally teleported next to
                  | monsters. [a shining eye]
 47927 | Slime:1  | Received a gift from Trog
 49340 | Slime:5  | Entered Level 5 of the Pits of Slime
 49354 | Slime:5  | Reached skill level 25 in Fighting
 49608 | Slime:5  | Received a gift from Trog
 49772 | Slime:5  | Reached XP level 22. HP: 202/226 MP: 28/28
 49772 | Slime:5  | Noticed the Royal Jelly
 49793 | Slime:5  | Killed the Royal Jelly
 50076 | Slime:5  | Gained mutation: You tend to lose your temper in combat. [a
                  | shining eye]
 50083 | Slime:5  | Gained mutation: You are frail. (-10% HP) [a shining eye]
 50144 | Slime:5  | Identified the +12 flail "Zygacud" {protect, rC+ rCorr}
 50147 | Slime:5  | Identified the +5 broad axe of Bahaduam {vamp, rN++ Str-4
                  | Int+5}
 50149 | Slime:5  | Got a slimy rune of Zot
 50189 | Slime:5  | Identified the +5 war axe of Unpleasantness {vorpal, Drain
                  | rF+ Dex+3}
 50226 | Slime:5  | Identified the +4 scale mail of the Heron {Will++ Str-3}
 50247 | Slime:5  | Identified the +9 trident of Devotion {freeze, rF+ Dex+2}
 50278 | Slime:5  | Identified the +7 short sword of Vavvisam {speed, rElec
                  | rC+}
 51131 | Depths:1 | Entered Level 1 of the Depths
 51161 | Depths:1 | Noticed a golden dragon
 51182 | Depths:1 | Killed a golden dragon
 51257 | Depths:1 | Reached skill level 26 in Fighting
 51311 | Depths:1 | Identified the +8 morningstar of Fererufell {chaos, rF- rN+
                  | Int+2}
 52096 | Elf:3    | Lost mutation: You are occasionally teleported next to
                  | monsters. [potion of mutation]
 52096 | Elf:3    | Lost mutation: You are frail. (-10% HP) [potion of
                  | mutation]
 52096 | Elf:3    | Gained mutation: You expend magic power (3 MP) to
                  | strengthen your wands. [potion of mutation]
 52096 | Elf:3    | Gained mutation: You occasionally shout uncontrollably at
                  | your foes. [potion of mutation]
 52097 | Elf:3    | Lost mutation: You expend magic power (3 MP) to strengthen
                  | your wands. [potion of mutation]
 52097 | Elf:3    | Lost mutation: You tend to lose your temper in combat.
                  | [potion of mutation]
 52097 | Elf:3    | Gained mutation: Your mind is acute. (Int +2) [potion of
                  | mutation]
 52097 | Elf:3    | Gained mutation: You sometimes lose the ability to read
                  | scrolls when taking damage. [potion of mutation]
 52097 | Elf:3    | Gained mutation: You are frail. (-10% HP) [potion of
                  | mutation]
 52097 | Elf:3    | Gained mutation: You have sharp fingernails. [potion of
                  | mutation]
 52098 | Elf:3    | Lost mutation: Your mind is acute. (Int +2) [potion of
                  | mutation]
 52098 | Elf:3    | Lost mutation: You sometimes lose the ability to read
                  | scrolls when taking damage. [potion of mutation]
 52098 | Elf:3    | Lost mutation: You are frail. (-10% HP) [potion of
                  | mutation]
 52098 | Elf:3    | Gained mutation: Your spells are a little harder to cast,
                  | but a little more powerful. [potion of mutation]
 52476 | Vaults:1 | Entered Level 1 of the Vaults
 52478 | Vaults:1 | Identified the +2 war axe "Liones" {vorpal, Fragile +Rage
                  | rN+} (Trog gifted it to you on level 1 of the Vaults)
 52478 | Vaults:1 | Received a gift from Trog
 52638 | Vaults:1 | Noticed Nikola
 52667 | Vaults:1 | Killed Nikola
 52938 | Vaults:1 | Reached skill level 27 in Fighting
 53084 | Vaults:1 | Found Cunoddut's Antique Armour Boutique.
 53111 | Vaults:1 | Received a gift from Trog
 53527 | Vaults:1 | Reached XP level 23. HP: 231/240 MP: 29/29
 53811 | Vaults:1 | Identified the +5 triple crossbow "Qututohe" {freeze, SInv
                  | Stlth+}
 54077 | Vaults:2 | Found a staircase to the Crypt.
 54252 | Vaults:2 | Received a gift from Trog
 54659 | Vaults:2 | Reached skill level 15 in Armour
 55171 | Vaults:3 | Found Agoigar's Armour Shop.
 55305 | Vaults:3 | Received a gift from Trog
 55896 | Vaults:3 | Acquired a manual of Long Blades
 56234 | Vaults:4 | Received a gift from Trog
 57192 | Vaults:4 | Found Piziem's Antique Weapon Emporium.
 57343 | Vaults:4 | Reached XP level 24. HP: 241/249 MP: 30/30
 58244 | Depths:1 | Found a gateway to Hell.
 58476 | Depths:1 | Found Rosit's Serpentskin Sales.
 58478 | Depths:1 | Received a gift from Trog
 58937 | Depths:2 | Found a transporter.
 58965 | Depths:2 | Found the +3 pair of gauntlets of War {Slay+5}
 58965 | Depths:2 | Found a transporter.
 59119 | Depths:2 | Paralysed by a floating eye for 3 turns
 59210 | Depths:2 | Reached skill level 15 in Throwing
 59860 | Depths:2 | Identified the amulet of Xom's Bemusement {RegenMP rN+}
 60080 | Depths:3 | Received a gift from Trog
 60098 | Depths:3 | Found a shadowy altar of Dithmenos.
 60265 | Depths:3 | Paralysed by a floating eye for 3 turns
 61139 | Depths:3 | Found Roddiosoph's Book Boutique.
 61218 | Depths:3 | Found a one-way gate leading to the halls of Pandemonium.
 61475 | Depths:4 | Identified the +8 trident "Kunkum" {freeze, rElec rPois
                  | Int+8 Dex-2}
 61531 | Depths:4 | Identified the +2 demon blade "Fuhiad" {flame, Contam
                  | Str+5}
 61619 | Depths:4 | Found a blossoming altar of Fedhas.
 61849 | Depths:4 | Noticed Xtahua
 61853 | Depths:4 | Killed Xtahua
 61854 | Depths:4 | Reached XP level 25. HP: 254/257 MP: 31/31
 62096 | Depths:4 | Noticed an ancient lich
 62245 | Depths:4 | Identified the +7 shortbow "Wonairey" {venom, Int+5 Stlth-}
 62283 | Depths:4 | Killed an ancient lich
 62369 | Depths:4 | Acquired a manual of Stealth
 62454 | Depths:4 | Found a one-way gate to the infinite horrors of the Abyss.
 62516 | Depths:5 | Entered Level 5 of the Depths
 62519 | Depths:5 | Received a gift from Trog
 62807 | Depths:5 | Found a glowing silver altar of Zin.
 62844 | Depths:5 | Found a gateway to a ziggurat.
 63380 | Depths:5 | Found a gate to the Realm of Zot.
 63748 | Vaults:5 | Entered Level 5 of the Vaults
 63763 | Vaults:5 | Gained mutation: You do not regenerate when monsters are
                  | visible. [a shining eye]
 63995 | Vaults:5 | Received a gift from Trog
 64516 | Vaults:5 | Noticed an ancient lich
 64729 | Vaults:5 | Killed an ancient lich
 64772 | Vaults:5 | Reached skill level 1 in Stealth
 64799 | Vaults:5 | Reached XP level 26. HP: 229/266 MP: 31/31
 65217 | Vaults:5 | Found the +3 robe of Clouds {+Thunder rCloud rElec}
 65241 | Vaults:5 | Got a silver rune of Zot
 65310 | Vaults:5 | Received a gift from Trog
 65411 | Vaults:5 | Reached skill level 5 in Stealth
 65428 | Vaults:5 | Identified the +9 dagger of Ikienemege {vorpal, rElec
                  | Will++ Dex+3}
 65505 | Vaults:5 | Found the +8 autumn katana {vorpal, Clar}
 65513 | Vaults:5 | Identified the +6 spear "Toicyo Noba" {vorpal, Fragile rC+
                  | Will+ Int+2}
 65696 | Vaults:5 | Identified the +8 chain mail of the Louse {Slay+2 Stlth+}
 65809 | Vaults:5 | Identified the ring "Wifyu" {rCorr Str+6 Int+3 Dex+4}
 66120 | Crypt:1  | Entered Level 1 of the Crypt
 66165 | Crypt:1  | Received a gift from Trog
 67704 | Crypt:2  | Received a gift from Trog
 67832 | Crypt:2  | Found a runed translucent gate.
 68241 | Crypt:2  | Found a runed translucent gate.
 68242 | Crypt:2  | Found a runed translucent gate.
 68244 | Crypt:2  | Noticed Vailuoroe's ghost (veteran GrEE)
 68265 | Crypt:2  | Killed Vailuoroe's ghost
 68267 | Crypt:2  | Identified the +5 mace "Ipruuf" {vorpal, Int+4}
 68333 | Crypt:3  | Entered Level 3 of the Crypt
 68570 | Crypt:3  | Acquired 965 gold pieces
 68600 | Crypt:3  | Lost mutation: You do not regenerate when monsters are
                  | visible. [potion of mutation]
 68600 | Crypt:3  | Lost mutation: Your spells are a little harder to cast, but
                  | a little more powerful. [potion of mutation]
 68600 | Crypt:3  | Gained mutation: You are strong-willed. (Will+) [potion of
                  | mutation]
 68600 | Crypt:3  | Gained mutation: Your natural rate of healing is unusually
                  | fast. [potion of mutation]
 68600 | Crypt:3  | Gained mutation: Your spells are a little harder to cast,
                  | but a little more powerful. [potion of mutation]
 68620 | Crypt:3  | Found an ancient bone altar of Kikubaaqudgha.
 68722 | Crypt:3  | Reached skill level 10 in Stealth
 68783 | Crypt:3  | Reached XP level 27. HP: 262/262 MP: 32/32
 68791 | Crypt:3  | Received a gift from Trog
 68981 | Crypt:3  | Found a staircase to the Tomb.
 69144 | Crypt:3  | Acquired 881 gold pieces
 69393 | Crypt:3  | Found a basalt altar of Yredelemnul.
 69400 | Crypt:3  | Found an ancient bone altar of Kikubaaqudgha.
 69446 | Crypt:3  | Identified the ring of Limoit {rN+ rCorr Int+2 Stlth+}
 69462 | Crypt:3  | Identified the +11 hunting sling of Kuxeut {speed, rC+
                  | Will- Int-2 Dex+8}
 69504 | Crypt:3  | Found the +7 great mace "Firestarter" {inner flame, rF++}
 69511 | Crypt:3  | Identified the ring "Doimibb" {rN+ rCorr}
 69511 | Crypt:3  | Identified the amulet "Soong" {Regen+ Dex+3}
 69511 | Crypt:3  | Identified the ring of Uryukh {rN+ Str+6}
 69603 | Tomb:1   | Entered Level 1 of the Tomb of the Ancients
 70277 | Tomb:1   | Identified the +6 demon blade "Beastslayer" {flame, rF++
                  | Will-} (Trog gifted it to you on level 1 of the Tomb of the
                  | Ancients)
 70277 | Tomb:1   | Received a gift from Trog
 70286 | Tomb:1   | Noticed a royal mummy
 70318 | Tomb:1   | Killed a royal mummy
 70338 | Tomb:1   | Noticed a royal mummy
 70473 | Tomb:1   | Killed a royal mummy
 70940 | Tomb:2   | Noticed a royal mummy
 70940 | Tomb:2   | Noticed a royal mummy
 70949 | Tomb:2   | Killed a royal mummy
 70969 | Tomb:2   | Noticed a royal mummy
 70988 | Tomb:1   | Killed a royal mummy
 71050 | Tomb:2   | Noticed a royal mummy
 71064 | Tomb:2   | Received a gift from Trog
 71070 | Tomb:2   | Killed a royal mummy
 71077 | Tomb:2   | Killed a royal mummy
 71078 | Tomb:2   | Reached skill level 15 in Invocations
 71162 | Tomb:2   | Identified the +0 arbalest of Fatigue {flame, rElec rF+
                  | Will++ Dex-3}
 71560 | Tomb:2   | Upgraded the game from 0.27-a0-1384-g1422d76b99 to
                  | 0.27-a0-1416-g941b2bd30b
 71766 | Tomb:3   | Entered Level 3 of the Tomb of the Ancients
 71783 | Tomb:3   | Noticed a royal mummy
 71784 | Tomb:3   | Received a gift from Trog
 71785 | Tomb:3   | Gained mutation: You frequently scream uncontrollably at
                  | your foes. [mutagenic glow]
 71804 | Tomb:3   | Gained mutation: You are weak. (Str -2) [mutagenic glow]
 71809 | Tomb:3   | Noticed a royal mummy
 71817 | Tomb:3   | Killed a royal mummy
 71829 | Tomb:3   | Noticed a royal mummy
 71840 | Tomb:3   | HP: 19/409 [??? (12)]
 71845 | Tomb:3   | HP: 11/409 [something (1)]
 71846 | Tomb:3   | HP: 5/409 [poison (dark miasma)]
 71848 | Tomb:3   | Killed a royal mummy
 71850 | Tomb:3   | HP: 2/409 [poison (dark miasma)]
 71852 | Tomb:3   | Killed from afar by a royal mummy

Illustrated notes

Levels and vault maps discovered:
D:1:      lightli_arrival_windingriver, layout_rooms,
          hellmonk_ecumenical_altar_watching_god, st_stairs_5, minivault_26
D:2:      layout_rooms, serial_forest, infiniplex_forest_pool,
          infiniplex_forest_clump_long, infiniplex_forest_end_2,
          infiniplex_forest_lined_room_, infiniplex_forest_clump_small,
          infiniplex_forest_clump_small, infiniplex_forest_clump_double,
          infiniplex_forest_straight_1, infiniplex_forest_end_double,
          uniq_sigmund, uniq_jessica
D:3:      layout_loops_ring, serial_shops, shop, uniq_grinder, uniq_natasha,
          uniq_robin
D:4:      layout_basic, xom_confusion_cloud
D:5:      layout_basic
D:6:      layout_gridville, minmay_a_box_with_orc_wizards_in_it
D:7:      layout_rooms, minmay_temple_entry_sparse_star,
          hellmonk_guarded_unrand_night, uniq_pikel, uniq_joseph, uniq_harold
D:8:      layout_basic, grunt_temple_overflow_open, uniq_erica
D:9:      layout_cave_pools, david_orc_2, uniq_gastronok
D:10:     layout_loops_corners, okawaru_trees_1, pf_just_have_faith,
          kennysheep_cross_room
D:11:     layout_irregular_city, lair_entry_dummy
D:12:     layout_stronghold, bh_hangedman_babel_library
D:13:     layout_basic, grunt_vaults_entry_fortified, gammafunk_ghost_spectres
D:14:     layout_long_grid, hangedman_abyss_or_decor_stagger, serial_shops,
          nicolae_shop_stone, shop_statue, nicolae_square_shop,
          lemuel_zombie_altar_yredelemnul
D:15:     gammafunk_depths_entry_grave, layout_basic
Lair:1:   layout_hall_layers, minmay_stone_trees_medium, serial_bayou_pond_c,
          minmay_lair_oklob_chamber, grunt_megastairs_3
Lair:2:   layout_small_grid, elwin_shoals_entry_rooms, spider_nest_entry_rubble,
          portal_ice_cave_rime, uniq_nergalle
Lair:3:   layout_regular_city
Lair:4:   layout_roguey, hellmonk_ghost_happy_afterlife, st_stairs_12,
          beast_lair_carwin_10, uniq_snorg
Lair:5:   layout_long_grid, dpeg_slime_entry_corner, gammafunk_ghost_hive,
          lookout_lair_type
Lair:6:   evilmike_catoblepas_cave, layout_gridlike,
          lightli_volcano_entry_magma_tube
Shoals:1: layout_shoals
Shoals:2: layout_shoals, uniq_aizul, uniq_jorgrun, uniq_polyphemus
Shoals:3: layout_shoals, nicolae_shoals_beach_house_on_fowls_legs, uniq_roxanne
Shoals:4: shoals_end_hangedman, layout_shoals, nicolae_shoals_secluded_bog
Spider:1: lemuel_spider_zombies, nicolae_spider_some_kinda_spiderbox
Spider:2: layout_spider_delve, nicolae_spider_rock_and_or_roll,
          hangedman_spider_tarantella_strand, uniq_asterion, uniq_louise
Spider:3: layout_spider_delve, uniq_mara
Spider:4: johnstein_spider_rune_arachne_lair, drop_trap
Slime:1:  layout_caves, cheibrodos_slime_lost_civilization_5
Slime:2:  layout_caves, uniq_dissolution
Slime:3:  layout_caves
Slime:4:  layout_caves
Slime:5
Orc:1:    layout_diamond_mine, minmay_orc_temple_b, uniq_fannar
Orc:2:    st_orc_ogre_mass, layout_caves, serial_shops,
          nicolae_shop_overgrown_old_shop
Elf:1:    minmay_elf_arrival_circle, layout_loops_corners, serial_shops, shop,
          basic_altar, minmay_elf_necromancy, uniq_azrael
Elf:2:    layout_geoelf_grid, portal_desolation_entry_garden,
          nicolae_shop_firing_range
Elf:3:    minmay_elf_hall, layout_gridlike, drop_trap, uniq_saint_roka
Vaults:1: nicolae_vaults_disjoint_gnomons, nicolae_vaults_alarming,
          hangedman_vaults_capsules, nicolae_vaults_network_periphery,
          nicolae_vaults_yaktaur_gun_rack, v_misc_22, v_misc_28, v_misc_24,
          grunt_vaults_hallway_long, layout_vaults_big_room, serial_shops,
          nicolae_shop_temple_entry_statues_fountains, uniq_nikola
Vaults:2: nicolae_vaults_fighting_squares, v_alt_pattern_6,
          minmay_crypt_entry_simple_statues, nicolae_vaults_twisting_passages,
          v_misc_24, nicolae_vaults_network_square, hangedman_vaults_trim,
          v_misc_31, ontoclasm_vaults_hangar, ontoclasm_vaults_chip,
          layout_vaults_omnicross
Vaults:3: nicolae_vaults_murderbox, ontoclasm_vaults_misaligned,
          vaults_room_hallway, grunt_vaults_bifocal,
          vaults_standard_mumra_enter_the_diamond, v_misc_8, grunt_vaults_swirl,
          vaults_room_large_hall, v_misc_19, hangedman_vaults_pinch,
          vaults_room_semicircle, serial_ice_m, v_misc_17, serial_ice_b,
          layout_vaults_maze_bifur, serial_shops, nicolae_shop_trees
Vaults:4: vaults_dpeg_diagonal, hangedman_vaults_river_flow,
          vaults_room_hangedman_quadrants, nicolae_vaults_asterisk,
          vaults_room_grunt_arrival_ludios, vaults_room_semicircle,
          vaults_room_door_ring, v_misc_12, vaults_room_semicircle,
          layout_vaults_omnigrid, serial_shops, shop
Vaults:5: serial_shops
Crypt:1:  layout_gridlike, grunt_megastairs_2
Crypt:2:  hangedman_staggered_hall, layout_rooms, ebering_ghost_rock_garden,
          minivault_19, minmay_guarded_unrand_curses
Crypt:3:  lightli_unholy_cathedral, layout_chaotic_city, basic_altar
Tomb:1
Tomb:2
Tomb:3
Depths:1: layout_big_octagon, bh_walls_and_bars, hell_entry,
          guppyfry_shop_venom, serial_bayou_shore_b
Depths:2: gammafunk_sealed_arena, layout_gridlike, lightli_too_deep,
          kennysheep_inner_square, infiniplex_staircase_door_maze,
          serial_bayou_shore_b, serial_bayou_shore_b
Depths:3: minmay_glassy_protrusions, layout_honeycomb,
          nicolae_dithmenos_the_darkroom, serial_shops, nicolae_shop_waterfront,
          grunt_pan_entry_in_and_out, grunt_hell_entry_dis_mu,
          roderic_nine_men_s_morris, hangedman_decor_clover_reticule,
          lemuel_old_faithful, serial_bayou_shore_b
Depths:4: cheibrodos_cascadia, layout_gridlike, fedhas_altar_3,
          rand_demon_pan_entry_4, hell_entry, abyss_entry,
          minmay_fire_ice_demons, infiniplex_staircase_pillars_2, uniq_xtahua
Depths:5: grunt_zot_entry_pinwheel, layout_cave_shapes, enter_ziggurat_a,
          minmay_fountain_box, abyss_entry, hell_entry, roderic_malta_cross,
          zin_angel

Skill      XL: |  1  2  3  4  5  6  7  8  9 10 11 12 13 14 15 16 17 18 19 20 21 22 23 24 25 26 27 |
---------------+----------------------------------------------------------------------------------+-----
Fighting       | 4 5 6 7 8 10 11 12 14 15 16 18 19 21 23 25 27 | 27.0
Long Blades    | 4 5 6 7 8 10 | 10.5
Armour         | 3 4 5 6 7 9 11 13 14 15 16 18 21 22 | 22.4
Dodging        | 3 4 5 6 8 9 12 14 15 16 17 19 20 | 20.5
Axes           | 9 14 16 18 20 21 22 23 24 25 26 | 26.6
Shields        | 10 14 15 16 17 19 20 | 20.3
Invocations    | 6 10 11 13 14 15 | 15.0
Throwing       | 8 13 14 15 16 | 16.0
Stealth        | 1 10 12 | 12.8

Action                   |  1- 3 |  4- 6 |  7- 9 | 10-12 | 13-15 | 16-18 | 19-21 | 22-24 | 25-27 || total
-------------------------+-------+-------+-------+-------+-------+-------+-------+-------+-------++-------
Melee: Falchion          |    36 |    92 |    58 |       |       |       |       |       |       ||   186
       Headbutt          |    10 |    17 |    55 |   108 |    67 |   330 |   370 |   480 |   463 ||  1900
       Long sword        |       |       |   180 |   111 |       |    44 |       |       |       ||   335
       Scimitar          |       |       |       |    75 |       |       |       |       |       ||    75
       Battleaxe         |       |       |       |   234 |       |       |       |       |       ||   234
       Executioner's axe |       |       |       |    16 |   366 |    54 |       |       |       ||   436
       Broad axe         |       |       |       |       |       |  1069 |  1323 |  1301 |  1260 ||  4953
Throw: Throwing net      |       |       |       |     3 |       |     1 |       |       |       ||     4
       Javelin           |       |       |       |       |       |     1 |     2 |     7 |     1 ||    11
       Dart              |       |       |       |       |       |       |     2 |       |       ||     2
Invok: Berserk           |     1 |     3 |     2 |     5 |    11 |    11 |     9 |     8 |     8 ||    58
       Trog's Hand       |       |       |       |       |     1 |     6 |     4 |     8 |     9 ||    28
       Brothers in Arms  |       |       |       |       |       |       |     2 |     1 |     2 ||     5
Evoke: Wand              |       |       |       |       |       |       |     2 |       |       ||     2
       Condenser vane    |       |       |       |       |       |       |     1 |       |     1 ||     2
       Phial of floods   |       |       |       |       |       |       |       |       |     1 ||     1
  Use: Scroll            |       |       |       |    20 |     7 |    12 |     7 |     1 |    16 ||    63
       Potion            |       |       |       |       |     1 |     2 |     3 |     3 |    14 ||    23
 Stab: Distracted        |       |       |       |     1 |       |     2 |       |     1 |       ||     4
       Petrified         |       |       |       |       |       |     6 |     3 |       |       ||     9
       Petrifying        |       |       |       |       |       |     1 |     2 |       |       ||     3
       Invisible         |       |       |       |       |       |       |     1 |       |       ||     1
       Held in net/web   |       |       |       |       |       |       |     2 |       |       ||     2
       Sleeping          |       |       |       |       |       |       |       |       |     1 ||     1
Armor: Animal skin       |     8 |       |       |       |       |       |       |       |       ||     8
       Robe              |       |    15 |    42 |    17 |       |       |       |       |       ||    74
       Plate armour      |       |       |    10 |     3 |       |       |       |       |       ||    13
       Chain mail        |       |       |       |    11 |       |       |       |       |   124 ||   135
       Scale mail        |       |       |       |    87 |   140 |   311 |   257 |   276 |   203 ||  1274
Dodge: Dodged            |    31 |    41 |   261 |   318 |   261 |   435 |   281 |   301 |   431 ||  2360
Block: Kite shield       |       |       |       |       |       |    35 |   615 |   587 |   785 ||  2022
       Rpst.: Falchion   |    12 |     7 |    11 |       |       |       |       |       |       ||    30
       Long sword        |       |       |    34 |    22 |       |     6 |       |       |       ||    62
       Scimitar          |       |       |       |    16 |       |       |       |       |       ||    16

Table legend: (Time is in decaauts)
 A = Elapsed time spent in this place.
 B = Non-inter-level travel time spent in this place.
 C = Inter-level travel time spent in this place.
 D = Time resting spent in this place.
 E = Time spent auto-exploring this place.
 F = Levels seen in this place.
 G = Mean time per level.
                   A        B        C        D        E       F      G
               +--------+--------+--------+--------+--------+-----+--------+
         Total |  69837 |  62951 |   6886 |  14356 |  36524 |  61 | 1144.9 |
       Dungeon |  19731 |  16944 |   2787 |   3898 |  10474 |  15 | 1315.4 |
          Lair |   8343 |   7291 |   1052 |   1648 |   4618 |   6 | 1390.5 |
        Shoals |   4021 |   3754 |    267 |    377 |   2694 |   4 | 1005.2 |
   Spider Nest |   3463 |   3207 |    256 |    221 |   2399 |   4 |  865.8 |
    Slime Pits |   3598 |   3397 |    201 |   1295 |   1394 |   5 |  719.6 |
  Orcish Mines |   3829 |   3354 |    475 |   1433 |   1312 |   2 | 1914.5 |
   Elven Halls |   5791 |   5105 |    686 |   1645 |   2454 |   3 | 1930.3 |
        Vaults |   7004 |   6414 |    590 |    926 |   4173 |   5 | 1400.8 |
         Crypt |   3188 |   3067 |    121 |    782 |   1544 |   3 | 1062.7 |
          Tomb |   2199 |   2112 |     87 |    567 |    525 |   3 |  733.0 |
        Depths |   5451 |   5090 |    361 |    385 |   3684 |   5 | 1090.2 |
         Abyss |    156 |    156 |      0 |     16 |     77 |   3 |   52.0 |
      Ice Cave |    801 |    801 |      0 |    398 |    251 |   1 |  801.0 |
       Volcano |    302 |    302 |      0 |     32 |     54 |   1 |  302.0 |
    Desolation |   1954 |   1954 |      0 |    729 |    869 |   1 | 1954.0 |
               +--------+--------+--------+--------+--------+-----+--------+

Top non-repeatable levels by time:
    D:13: 2517 daAuts
   Elf:3: 2314 daAuts
   Orc:2: 2294 daAuts
   Elf:1: 2220 daAuts
Vaults:4: 2007 daAuts
Desolation: 1954 daAuts
  Lair:2: 1728 daAuts
     D:8: 1728 daAuts
  Lair:1: 1700 daAuts
    D:10: 1654 daAuts
    D:12: 1601 daAuts
   Orc:1: 1535 daAuts
    D:11: 1510 daAuts
     D:3: 1488 daAuts
     D:7: 1472 daAuts
